 Dungeon Crawl Stone Soup version 0.31-a0-625-gc9c7e45f3f (webtiles) character file.

Game seed: 599232617322427384

1983 AdnanSaban the Cudgeller (level 9, -2/55 HPs)
             Began as a Gargoyle Fighter on Aug 24, 2023.
             Was a Believer of Okawaru.
             Slain by an iguana (8 damage)
             ... on level 6 of the Dungeon.
             The game lasted 00:05:00 (4274 turns).

AdnanSaban the Cudgeller (Gargoyle Fighter)         Turns: 4274, Time: 00:05:01

Health: -2/55      AC: 17    Str: 25    XL:     9   Next: 20%
Magic:  9/9        EV:  9    Int:  8    God:    Okawaru [**....]
Gold:   444        SH:  4    Dex:  9    Spells: 8/8 levels left

rFire   . . .        k - +3 whip (elec)
rCold   . . .        c - +0 buckler
rNeg    + . .        w - +0 chain mail
rPois   ∞            (no helmet)
rElec   +            (no cloak)
rCorr   .            B - +0 pair of gloves
SInv    .            (no boots)
Will    .....        (no amulet) Stlth
                     v - ring of flight
HPRegen 0.29/turn    (no ring)
MPRegen 0.11/turn

%: no passive effects
@: flying
A: sickness immunity, AC +6, negative energy resistance 1, electricity
resistance, torment resistance 1, petrification resistance
a: Renounce Religion, Heroism


You were on level 6 of the Dungeon.
You worshipped Okawaru.
Okawaru was pleased with you.
You visited 2 branches of the dungeon, and saw 7 of its levels.

You collected 444 gold pieces.

Inventory:

Hand Weapons
 k - a +3 whip of electrocution (weapon)
Missiles
 e - 22 poisoned darts (quivered)
 l - 6 datura-tipped darts
Armour
 c - a +0 buckler (worn)
 w - a +0 chain mail (worn)
 B - a +0 pair of gloves (worn)
Jewellery
 v - a ring of flight (left hand)
Wands
 s - a wand of polymorph (9)
Scrolls
 b - a scroll of fog {unknown}
 h - 2 scrolls of amnesia {unknown}
 m - 2 scrolls of poison {unknown}
 o - 2 scrolls of enchant armour {unknown}
 p - 5 scrolls of identify {unknown}
 q - 2 scrolls of torment {unknown}
 t - a scroll of acquirement {unknown}
 x - a scroll of immolation {unknown}
 y - a scroll of fear {unknown}
Potions
 a - 2 potions of curing {unknown}
 d - 2 potions of might
 f - a potion of enlightenment {unknown}
 g - 2 potions of haste {unknown}
 i - 2 potions of resistance {unknown}
 j - 3 potions of lignification {unknown}
 n - a potion of brilliance {unknown}
 r - 2 potions of degeneration {unknown}
 u - a potion of berserk rage {unknown}
 z - a potion of invisibility {unknown}
 A - a potion of heal wounds {unknown}


   Skills:
 + Level 6.2 Fighting
 + Level 7.6 Maces & Flails
 + Level 0.6 Throwing
 + Level 6.3 Armour
 + Level 3.1 Dodging
 + Level 1.0 Stealth
 + Level 5.1 Shields
 * Level 1.1 Invocations


You had 8 spell levels left.
You didn't know any spells.
Your spell library was empty.

Dungeon Overview and Level Annotations

Branches:
Dungeon (6/15)             Temple (1/1) D:5

Altars:
Ashenzari
Cheibriados
Dithmenos
Elyvilon
Gozag
Kikubaaqudgha
Nemelex Xobeh
Okawaru
Ru
Sif Muna
Trog
Vehumet
The Shining One

Shops:
D:4 [   D:5 :

Annotations:
D:2 1 runed translucent door, Crazy Yiuf
D:3 3 runed translucent doors, Seven7's ghost, amateur MiFi


Innate Abilities, Weirdness & Mutations

You are immune to sickness and miasma.
Your stone body is resilient. (AC +6)
You are immune to poison.
You resist negative energy. (rN+)
You are resistant to electric shocks. (rElec)
You are resistant to unholy torment.
You are immune to petrification.


Message History

You hit the wight. Lightning courses through the wight!!
You destroy the wight!
Okawaru accepts your kill. The wight hits you with a +5 battleaxe!
Your Invocations skill increases to level 1!
You are too injured to fight recklessly!
You whack the wight!
The wight is heavily damaged.
The wight hits you with a +5 battleaxe.
* * * LOW HITPOINT WARNING * * *
You hit the wight but do no damage.
The wight is heavily damaged.
The wight hits you but does no damage.
You hit the wight but do no damage. Lightning courses through the wight!
You destroy the wight!
Okawaru accepts your kill.
Things that are here:
a +5 battleaxe; a +0 robe An iguana comes into view.
The iguana hisses angrily.
You see here an iguana corpse.
An iguana is nearby!
You are too injured to fight recklessly!
You are too injured to fight recklessly!
Throw: 24 darts (poison)
Press: ? - help, Q - select action, (/) - cycle Shift-Dir - straight line, f - iguana
Aim: an iguana (58% to hit)
You throw a poisoned dart.
The poisoned dart closely misses the iguana.
Throw: 23 darts (poison)
Press: ? - help, Q - select action, (/) - cycle Shift-Dir - straight line, f/p - iguana
Aim: an iguana (58% to hit)
You throw a poisoned dart.
The poisoned dart barely misses the iguana.
You hit the iguana but do no damage. The iguana bites you!
* * * LOW HITPOINT WARNING * * *
You whack the iguana! Lightning courses through the iguana!
The iguana is almost dead.
The iguana bites you!
You die...

..... ......... ....
#.#...... # ...
#<#........ . .#.
#.##)#........ ...
.#..##...)).......## ....
............#...##.#.....
....##.....##....[.#.....
..........)..............
.........()....l@).......
.........#.......).......
.........##.....!........
.....#..##...............
.#.########........#.....
# ##......##...#.
##[...## .## #...).# .#
##.?.##


You could see an iguana.

Vanquished Creatures
  Sigmund (D:5)
  A steam dragon (D:5)
  A water moccasin (D:6)
  An ogre (D:5)
  A black bear (D:5)
  A centaur (D:5)
  A kobold brigand (D:6)
  A bullfrog (D:5)
  3 scorpions
  2 wights (D:6)
  3 howler monkeys
  3 hounds (D:5)
  A jelly (D:5)
  A gnoll bouda (D:5)
  An orc priest (D:3)
  3 sleepcaps
  8 iguanas
  2 orc wizards
  4 gnolls (D:4)
  12 adders
  A shadow imp (D:4)
  2 white imps (D:4)
  2 ufetubi (D:4)
  7 worms
  2 dart slugs
  11 orcs
  10 ball pythons
  7 bats
  6 endoplasms
  3 giant cockroaches
  8 goblins
  7 hobgoblins
  3 quokkas
  3 frilled lizards (D:3)
  13 kobolds
  10 rats
  A butterfly (D:5)
147 creatures vanquished.

Notes
Turn   | Place    | Note
-------+----------+-------------------------------------------
     0 | D:1      | AdnanSaban the Gargoyle Fighter began the quest for the
                  | Orb.
     0 | D:1      | Reached XP level 1. HP: 14/14 MP: 1/1
   113 | D:1      | Reached XP level 2. HP: 17/19 MP: 2/2
   354 | D:1      | Reached XP level 3. HP: 18/23 MP: 3/3
   797 | D:2      | Found a runed translucent door.
   798 | D:2      | Noticed Crazy Yiuf
   859 | D:2      | Reached XP level 4. HP: 27/29 MP: 4/4
  1364 | D:3      | Reached skill level 3 in Maces & Flails
  1386 | D:3      | Reached skill level 1 in Dodging
  1423 | D:3      | Reached XP level 5. HP: 33/33 MP: 5/5
  1471 | D:3      | Reached skill level 4 in Maces & Flails
  1648 | D:3      | Reached XP level 6. HP: 34/38 MP: 6/6
  1767 | D:3      | Found a runed translucent gate.
  1767 | D:3      | Found a runed translucent gate.
  1767 | D:3      | Found a runed translucent gate.
  1770 | D:3      | Noticed Seven7's ghost (amateur MiFi)
  1773 | D:3      | Identified the +6 dagger "Oraojom" {freeze, *Noise rN+
                  | Dex+2}
  2484 | D:4      | Reached skill level 5 in Maces & Flails
  2515 | D:4      | Found Ceiledum's Antique Armour Emporium.
  2530 | D:4      | Reached XP level 7. HP: 38/44 MP: 7/7
  2962 | D:5      | Entered Level 5 of the Dungeon
  2993 | D:5      | Found a staircase to the Ecumenical Temple.
  3034 | D:5      | Found Ycaph's Book Shoppe.
  3061 | Temple   | Entered the Ecumenical Temple
  3076 | Temple   | Became a worshipper of Warmaster Okawaru
  3178 | D:5      | Found a white marble altar of Elyvilon.
  3405 | D:5      | Reached skill level 5 in Armour
  3472 | D:5      | Noticed a steam dragon
  3490 | D:5      | Killed a steam dragon
  3490 | D:5      | Reached * piety under Okawaru
  3491 | D:5      | Reached skill level 5 in Fighting
  3491 | D:5      | Reached XP level 8. HP: 13/49 MP: 8/8
  3675 | D:5      | Reached skill level 6 in Maces & Flails
  3722 | D:5      | Noticed Sigmund
  3730 | D:5      | Killed Sigmund
  3744 | D:5      | Found a broken altar of Ashenzari.
  3755 | D:5      | Found a snail-covered altar of Cheibriados.
  3866 | D:5      | Reached skill level 1 in Stealth
  4041 | D:5      | Reached ** piety under Okawaru
  4042 | D:5      | Reached skill level 7 in Maces & Flails
  4186 | D:6      | Reached skill level 5 in Shields
  4186 | D:6      | Reached XP level 9. HP: 54/55 MP: 9/9
  4263 | D:6      | Reached skill level 1 in Invocations
  4274 | D:6      | Slain by an iguana

Illustrated notes

Levels and vault maps discovered:
D:1:      minmay_arrival_five_plusses, layout_loops_ring, minmay_tromino_v4_b
D:2:      layout_basic, chequers_serial_rivers_small_b, feat_on_display,
          uniq_crazy_yiuf_cottage
D:3:      layout_loops_ring, serial_bayou, serial_bayou_shore_b,
          serial_bayou_lake_a, serial_bayou_shore_a, serial_bayou_pond_d,
          biasface_ghost_orc_armoury
D:4:      layout_cave_pools, serial_shops, shop, serial_demonic,
          serial_demonic_e, serial_demonic_f, serial_demonic_e,
          serial_demonic_b, serial_demonic_a, serial_demonic_c
D:5:      layout_rooms, nicolae_elyvilon_peaceful_grove, jmf_multi_god_temple,
          minmay_temple_entry_nine_rooms, serial_shops, shop, nzn_random_ring,
          uniq_sigmund
D:6:      layout_cave_pools, minmay_ruined_shrine
Temple:   eino_wide_crystal_templ

Skill      XL: |  1  2  3  4  5  6  7  8  9 |
---------------+----------------------------+-----
Maces & Flails | 3 4 5 7 |  7.6
Dodging        | 1 2 3 |  3.1
Fighting       | 4 5 6 |  6.2
Armour         | 4 5 6 |  6.3
Shields        | 4 5 |  5.1
Stealth        | 1 |  1.0
Invocations    | 1 |  1.1
Throwing       | |  0.6

Action                     |  1- 3 |  4- 6 |  7- 9 || total
---------------------------+-------+-------+-------++-------
  Melee: Flail             |    69 |       |       ||    69
         Whip              |    38 |   200 |   256 ||   494
         Punch             |     2 |     1 |     1 ||     4
  Throw: Dart              |       |       |     6 ||     6
 Armour: Scale mail        |    58 |   118 |     3 ||   179
         Chain mail        |       |       |   127 ||   127
  Dodge: Dodged            |    50 |   121 |    95 ||   266
  Block: Buckler           |       |       |    41 ||    41

Table legend: (Time is in decaauts)
 A = Elapsed time spent in this place.
 B = Non-inter-level travel time spent in this place.
 C = Inter-level travel time spent in this place.
 D = Time resting spent in this place.
 E = Time spent auto-exploring this place.
 F = Levels seen in this place.
 G = Mean time per level.
                   A        B        C        D        E       F      G
               +--------+--------+--------+--------+--------+-----+--------+
         Total |   4270 |   4086 |    184 |     96 |   3029 |   7 |  610.0 |
       Dungeon |   4239 |   4083 |    156 |     96 |   3029 |   6 |  706.5 |
        Temple |     30 |      2 |     28 |      0 |      0 |   1 |   30.0 |
               +--------+--------+--------+--------+--------+-----+--------+

Top non-repeatable levels by time:
     D:5: 1151 daAuts
     D:3: 912 daAuts
     D:1: 733 daAuts
     D:4: 716 daAuts
     D:2: 639 daAuts
     D:6: 86 daAuts
  Temple: 30 daAuts
